 Dungeon Crawl Stone Soup version 0.19-a0-326-gcefc067 (webtiles) character file.

1115 Sixotanaka the Carver (level 8, -10/50 HPs)
             Began as a High Elf Skald on May 28, 2016.
             Splashed by a brown ugly thing's acid (11 damage)
             ... on level 5 of the Dungeon.
             The game lasted 00:20:03 (7680 turns).

Sixotanaka the Carver (High Elf Skald)              Turns: 7680, Time: 00:20:04

Health: -10/50     AC:  4    Str: 13    XL:     8   Next: 12%
Magic:  12/12      EV: 11    Int: 16    God:
Gold:   223        SH:  0    Dex: 15    Spells: 3 memorised, 5 levels left

rFire  . . .     SeeInvis .     a - +0 falchion
rCold  . . .     Gourm    .     b - +1 leather armour
rNeg   . . .     Faith    .     (no shield)
rPois  +         Spirit   .     (no helmet)
rElec  .         Dismiss  .     (no cloak)
rCorr  .         Reflect  .     (no gloves)
SustAt .         Harm     .     (no boots)
MR     .....                    (no amulet)
Stlth  +.........               (no ring)
                                m - ring of poison resistance

@: about to teleport, not resistant to hostile enchantments, very unstealthy
A: no striking features
a: no special abilities


You were on level 5 of the Dungeon.
You were not hungry.

You visited 1 branch of the dungeon, and saw 6 of its levels.

You collected 223 gold pieces.


   Skills:
 - Level 2.0 Fighting
 + Level 11.5 Long Blades
 - Level 0.8 Armour
 - Level 1.1 Dodging
 - Level 2.4 Spellcasting
 - Level 3.6 Charms


You had 5 spell levels left.
You knew the following spells:

 Your Spells              Type           Power        Failure   Level  Hunger
a - Shroud of Golubria    Chrm/Tloc      #.........   21%         2    ###....
c - Spectral Weapon       Hex/Chrm       #.......     41%         3    ###....
z - Infusion              Chrm           ##..         8%          1    #......


Dungeon Overview and Level Annotations

Branches:
Dungeon (6/15)
 Temple: D:4-7

Altars:
Fedhas
Makhleb
Nemelex Xobeh
Qazlal
Xom

Shops:
D:4 =

Annotations:
D:6 exclusion: 2 doors

Inventory:

Hand Weapons
 a - a +0 falchion (weapon)
 A - a +0 blowgun
Missiles
 B - 10 tomahawks (quivered)
Armour
 b - a +1 leather armour (worn)
Jewellery
 m - a ring of poison resistance (left hand)
Wands
 o - a wand of paralysis (24/24)
Scrolls
 d - a scroll of teleportation {@r4}
 f - 2 scrolls of magic mapping
 i - a scroll of remove curse {@r2}
 t - a scroll of blinking {unknown}
 x - a scroll of amnesia {unknown}
 y - a scroll of enchant weapon {unknown}
 G - a scroll of noise {unknown}
Potions
 e - a potion of flight {unknown}
 j - a potion of curing {@q1}
 k - a potion of cure mutation {unknown}
 n - a potion of mutation {unknown}
 q - a potion of degeneration {unknown}
 r - a potion of lignification {unknown}
 v - a potion of invisibility {unknown}
 z - a potion of might {unknown}
 C - 2 potions of ambrosia
 D - a potion of experience {unknown}
 E - a potion of brilliance {unknown}
 F - a potion of resistance {unknown}
Books
 c - a book of Battle
Comestibles
 h - 5 meat rations
 p - 3 fruits
 w - 2 beef jerkies
 H - a bread ration

......####.####..................
#####..# #.........#######.......
##.# #.........# #....... #.#
#.........#########'####
######'###.........##.........#
...................##.........#
.............########.........#
...........#.########.........#
...###+###.#....@u............#
#..........#########........[.#
#.#####.##.# #..........# #.#
#..#.# #..........# #.# ##.#.####
#..........# #.# ##......<#
##.........# #.# #........#
#.........# ..#
#........#######.........#
.#####........................#


You could see a brown ugly thing.


Message History

You feel sick.
All of the chunks of flesh in your inventory have rotted away.
Your shroud unravels.
You feel sick.
You butcher the worker ant corpse.
u - 2 chunks of flesh You start resting.
You feel sick. x2
You are no longer poisoned.
You start resting.
Found a rapier.
H - a bread ration You see here a rapier.
Found 18 bolts.
Found 5 gold pieces.
An ugly thing and a crimson imp come into view.
The brown ugly thing gurgles horribly!
The crimson imp shouts!
Found a stone staircase leading down.
A giant frog comes into view.
The crimson imp hits you.
All of the chunks of flesh in your inventory have rotted away.
The crimson imp blinks!
The crimson imp puffs mist at you.
There is a stone staircase leading up here.
The brown ugly thing headbutts you.
You are splashed with acid!
The acid burns!
You climb upwards.
There is a stone staircase leading down here.
There is an open door here.
Casting: Shroud of Golubria Space distorts slightly along a thin shroud covering your body.
The brown ugly thing headbutts you!
You are splashed with acid!
The acid corrodes you!
The acid burns!
* * * LOW HITPOINT WARNING * * *
Read which item? (? for menu, Esc to quit)
As you read the scroll of fear, it crumbles to dust.
You assume a fearsome visage.
The brown ugly thing looks frightened!
There's nothing to close nearby.
You close the door.
Your shroud begins to fray at the edges.
You see here a giant club.
Your shroud unravels.
You are no longer corroded.
There is an open door here.
Read which item? (? for menu, Esc to quit)
Okay, then.
Read which item? (? for menu, Esc to quit)
As you read the scroll labeled GYULELIELO, it crumbles to dust.
It is a scroll of enchant armour.
Enchant which item? (? for menu, Esc to quit)
Your +0 leather armour glows green for a moment.
The brown ugly thing headbutts you!
* * * LOW HITPOINT WARNING * * *
You are splashed with acid!
The acid burns!
* * * LOW HITPOINT WARNING * * *
Read which item? (? for menu, Esc to quit)
As you read the scroll labeled CIDIRUH WEOMUE, it crumbles to dust.
It is a scroll of recharging.
Charge which item? (? for menu, Esc to quit)
Your wand of paralysis (16/24) glows for a moment and now has 24 charges.
The brown ugly thing headbutts you but does no damage.
Zapping:
o - a wand of paralysis (24/24)
Aim: a brown ugly thing (chance to defeat MR: 28%)
Okay, then.
Read which item? (? for menu, Esc to quit)
As you read the scroll labeled SUOJET SYMUHO, it crumbles to dust.
You feel strangely unstable.
It was a scroll of teleportation.
The brown ugly thing headbutts you!
* * * LOW HITPOINT WARNING * * *
You are splashed with acid!
The acid burns!
You die...

Action                   |  1- 3 |  4- 6 |  7- 9 || total
-------------------------+-------+-------+-------++-------
Melee: Falchion          |   157 |   249 |   149 ||   555
 Cast: Infusion          |    11 |    24 |    13 ||    48
       Shroud of Golubri |     5 |    22 |     7 ||    34
       Spectral Weapon   |       |     1 |       ||     1
  Use: Scroll            |       |     7 |     4 ||    11
 Stab: Sleeping          |       |     1 |       ||     1
  Eat: Chunk             |     3 |    10 |     3 ||    16
       Bread ration      |       |     1 |     1 ||     2
       Royal jelly       |       |       |     1 ||     1
Armor: Leather armour    |    53 |    56 |    25 ||   134
Dodge: Dodged            |   134 |   128 |    58 ||   320

Vault maps used:
D:1:      ncdulo_watergridlock
D:2:      minmay_misc_feat_diagonals, uniq_iyjb, uniq_terence
D:4:      serial_shops, shop_fountains, uniq_grinder
D:5:      first_bread, makhleb_blood_cavern_becter
D:6:      grunt_temple_overflow_forces_of_nature,
          nicolae_overflow_quartered_altars, temple_green, uniq_pikel

Notes
Turn   | Place    | Note
--------------------------------------------------------------
     0 | D:1      | Sixotanaka the High Elf Skald began the quest for the Orb.
     0 | D:1      | Reached XP level 1. HP: 14/14 MP: 4/4
   248 | D:1      | Reached skill level 3 in Long Blades
   352 | D:1      | Reached XP level 2. HP: 15/19 MP: 6/6
   356 | D:1      | Learned a level 2 spell: Shroud of Golubria
   828 | D:1      | Reached skill level 4 in Long Blades
  1120 | D:1      | Reached XP level 3. HP: 24/24 MP: 5/7
  1404 | D:2      | Noticed Terence
  1443 | D:2      | Noticed Ijyb
  1464 | D:1      | Killed Ijyb
  1464 | D:1      | Reached skill level 5 in Long Blades
  1731 | D:2      | Reached XP level 4. HP: 18/29 MP: 0/8
  2708 | D:3      | Reached skill level 6 in Long Blades
  3166 | D:3      | Reached XP level 5. HP: 23/34 MP: 4/9
  3699 | D:4      | Found Assoesow's Jewellery Shop.
  3759 | D:4      | Noticed an ogre
  3871 | D:4      | Killed Terence
  3871 | D:4      | Reached skill level 7 in Long Blades
  4474 | D:4      | Reached XP level 6. HP: 26/39 MP: 0/10
  4733 | D:3      | Reached skill level 8 in Long Blades
  5126 | D:5      | Entered Level 5 of the Dungeon
  5242 | D:5      | Learned a level 3 spell: Spectral Weapon
  5248 | D:5      | Reached skill level 9 in Long Blades
  5427 | D:5      | Reached XP level 7. HP: 16/45 MP: 0/11
  5693 | D:5      | HP: 9/45 [centaur (4)]
  5695 | D:5      | Reached skill level 10 in Long Blades
  6082 | D:5      | Found a burning altar of Makhleb.
  6624 | D:6      | Found a stormy altar of Qazlal.
  6652 | D:6      | Reached skill level 11 in Long Blades
  6790 | D:6      | Found a blossoming altar of Fedhas.
  6963 | D:5      | Reached XP level 8. HP: 28/50 MP: 7/12
  7334 | D:6      | Found a shimmering altar of Xom.
  7334 | D:6      | Found a sparkling altar of Nemelex Xobeh.
  7611 | D:6      | Noticed a brown ugly thing
  7678 | D:5      | HP: 10/50 [acid (6)]
  7680 | D:5      | HP: 1/50 [brown ugly thing (9)]
  7680 | D:5      | Splashed by a brown ugly thing's acid

Vanquished Creatures
  A sky beast (D:6)
  A slave (D:5)
  An ogre (D:5)
  2 centaurs
  A scorpion (D:4)
  A giant frog zombie (D:5)
  3 crimson imps (D:5)
  A giant frog skeleton (D:5)
  6 hounds
  Terence (D:4)
  An iguana (D:4)
  Ijyb (D:1)
  5 worker ants
  A worker ant zombie (D:5)
  5 adders
  3 oozes
  An adder skeleton (D:5)
  6 worms
  4 dart slugs
  2 giant geckos (D:5)
  14 orcs
  7 bats
  7 giant cockroaches
  5 goblins
  8 hobgoblins
  9 jackals
  A ball python (D:1)
  A ball python skeleton (D:5)
  7 giant newts
  7 kobolds
  A quokka zombie (D:5)
  8 rats
122 creatures vanquished.

Vanquished Creatures (others)
  3 fungi (D:6)
  A plant (D:6)
4 creatures vanquished.

Grand Total: 126 creatures vanquished
